[ PARTIDA AOE2 · #506266915 ]
UnrankedSicilianos vs Incas
Equipo del jugador · DERR
Equipo rival · VICT
[ ANÁLISIS DE REPETICIÓN · EXTRAÍDO DE LA PARTIDA GRABADA ]
Feudal
12:08
Castillos
—
Imperial
—
| APM promedio | 36.3 |
| APM pico | 58 |
| eAPM promedio | 20.2 |
| Aldeanos / militares | 44 / 3 |
Foco
⚔️ 20.8% · 🌾 79.2%
Serjeant ×3
Feudal
11:46
Castillos
—
Imperial
—
| APM promedio | 42.8 |
| APM pico | 85 |
| eAPM promedio | 19.4 |
| Aldeanos / militares | 74 / 0 |
Foco
⚔️ 26.7% · 🌾 73.3%
Unknown (2550) ×23
Mapa de la partida
Recursos iniciales + cada clic de construcción. Líneas = muros · curvas = relieve. ◆ oro · ⬟ piedra · ● bayas · ✦ reliquia · ◌ hueco del cierre
Tu base· Abierta — flanco sin cerrar
Base de AirH1855· Abierta — flanco sin cerrar
Terreno inicial suavizado · ◌ = hueco del cierre detectado · pasá el cursor para detalles
Inputs por minuto
— Papapishu8352 - - AirH1855
Build order — Papapishu8352
81 acciones detectadas en el replay
| 0:01 | Encolar | Villager (Male) |
| 0:01 | Encolar | Villager (Male) |
| 0:01 | Encolar | Villager (Male) |
| 0:03 | Construir | House |
| 0:53 | Encolar | Villager (Male) |
| 1:03 | Investigar | Loom |
| 1:53 | Construir | House |
| 2:01 | Encolar | Villager (Male) |
| 2:53 | Encolar | Villager (Male) |
| 2:53 | Encolar | Villager (Male) |
| 3:36 | Encolar | Villager (Male) |
| 3:37 | Encolar | Villager (Male) |
| 3:42 | Construir | House |
| 4:21 | Encolar | Villager (Male) |
| 4:22 | Encolar | Villager (Male) |
| 4:22 | Encolar | Villager (Male) |
| 4:34 | Encolar | Villager (Male) |
| 4:35 | Encolar | Villager (Male) |
| 4:40 | Construir | Lumber Camp |
| 4:59 | Encolar | Villager (Male) |
| 4:59 | Encolar | Villager (Male) |
| 5:00 | Encolar | Villager (Male) |
| 5:15 | Construir | House |
| 5:46 | Encolar | Villager (Male) |
| 5:47 | Encolar | Villager (Male) |
| 6:12 | Construir | Mill |
| 6:23 | Encolar | Villager (Male) |
| 6:24 | Encolar | Villager (Male) |
| 6:24 | Encolar | Villager (Male) |
| 7:31 | Encolar | Villager (Male) |
| 7:32 | Encolar | Villager (Male) |
| 7:35 | Construir | House |
| 8:10 | Construir | Mill |
| 8:13 | Encolar | Villager (Male) |
| 8:15 | Encolar | Villager (Male) |
| 8:33 | Encolar | Villager (Male) |
| 9:08 | Construir | Mining Camp |
| 9:58 | Investigar | Feudal Age |
| 11:46 | Construir | House |
| 11:48 | Construir | Palisade Wall |
| 11:58 | Encolar | Villager (Male) |
| 11:59 | Encolar | Villager (Male) |
| 12:08 | Edad | Edad Feudal |
| 12:10 | Construir | Donjon |
| 12:18 | Investigar | Double-Bit Axe |
| 12:21 | Construir | House |
| 12:22 | Construir | House |
| 12:23 | Encolar | Villager (Male) |
| 12:24 | Encolar | Villager (Male) |
| 13:00 | Encolar | Serjeant |
| 13:00 | Encolar | Serjeant |
| 13:02 | Construir | Stone Wall |
| 13:04 | Construir | Stone Wall |
| 13:23 | Encolar | Villager (Male) |
| 13:23 | Encolar | Villager (Male) |
| 13:44 | Construir | Donjon |
| 14:02 | Encolar | Villager (Male) |
| 14:03 | Investigar | Wheelbarrow |
| 14:12 | Encolar | Serjeant |
| 14:23 | Construir | Donjon |
| 14:29 | Construir | Mining Camp |
| 14:34 | Construir | Mill |
| 14:36 | Encolar | Villager (Male) |
| 14:36 | Encolar | Villager (Male) |
| 14:55 | Construir | Donjon |
| 15:03 | Encolar | Villager (Male) |
| 15:03 | Encolar | Villager (Male) |
| 15:13 | Encolar | Villager (Male) |
| 15:13 | Encolar | Villager (Male) |
| 15:17 | Construir | House |
| 15:18 | Construir | House |
| 16:00 | Construir | Mining Camp |
| 16:16 | Construir | Donjon |
| 16:26 | Construir | Blacksmith |
| 16:27 | Encolar | Villager (Male) |
| 16:29 | Investigar | Stone Mining |
| 17:08 | Investigar | Fletching |
| 17:33 | Construir | Donjon |
| 17:34 | Encolar | Villager (Male) |
| 17:34 | Encolar | Villager (Male) |
| 17:34 | Encolar | Villager (Male) |
Build order — AirH1855
137 acciones detectadas en el replay
| 0:01 | Encolar | Villager (Male) |
| 0:01 | Encolar | Villager (Male) |
| 0:02 | Encolar | Villager (Male) |
| 0:03 | Construir | House |
| 0:05 | Investigar | Loom |
| 0:06 | Encolar | Villager (Male) |
| 0:06 | Encolar | Villager (Male) |
| 0:07 | Construir | House |
| 0:19 | Construir | House |
| 0:20 | Construir | House |
| 0:22 | Encolar | Villager (Male) |
| 0:22 | Encolar | Villager (Male) |
| 1:27 | Encolar | Villager (Male) |
| 1:52 | Encolar | Villager (Male) |
| 1:57 | Encolar | Villager (Male) |
| 2:25 | Encolar | Villager (Male) |
| 2:49 | Encolar | Villager (Male) |
| 3:02 | Encolar | Villager (Male) |
| 3:02 | Encolar | Villager (Male) |
| 3:18 | Encolar | Villager (Male) |
| 3:30 | Encolar | Villager (Male) |
| 3:49 | Encolar | Villager (Male) |
| 4:05 | Encolar | Villager (Male) |
| 4:06 | Encolar | Villager (Male) |
| 4:21 | Encolar | Villager (Male) |
| 4:40 | Encolar | Villager (Male) |
| 4:40 | Encolar | Villager (Male) |
| 4:48 | Encolar | Villager (Male) |
| 4:58 | Construir | Barracks |
| 5:02 | Encolar | Villager (Male) |
| 5:12 | Encolar | Villager (Male) |
| 5:24 | Encolar | Villager (Male) |
| 5:48 | Encolar | Villager (Male) |
| 5:48 | Encolar | Villager (Male) |
| 6:05 | Construir | House |
| 6:13 | Encolar | Unit 2550 |
| 6:25 | Encolar | Villager (Male) |
| 6:27 | Construir | Settlement |
| 6:36 | Encolar | Villager (Male) |
| 6:36 | Encolar | Villager (Male) |
| 7:04 | Encolar | Villager (Male) |
| 7:04 | Encolar | Villager (Male) |
| 7:10 | Construir | Settlement |
| 7:24 | Encolar | Villager (Male) |
| 7:24 | Encolar | Villager (Male) |
| 7:32 | Encolar | Villager (Male) |
| 8:10 | Encolar | Villager (Male) |
| 8:11 | Encolar | Villager (Male) |
| 8:34 | Construir | Settlement |
| 8:48 | Encolar | Villager (Male) |
| 9:06 | Encolar | Villager (Male) |
| 9:12 | Construir | Settlement |
| 9:36 | Investigar | Feudal Age |
| 9:49 | Construir | Barracks |
| 9:59 | Encolar | Villager (Male) |
| 9:59 | Encolar | Villager (Male) |
| 10:20 | Construir | Farm |
| 10:20 | Construir | Farm |
| 10:37 | Construir | House |
| 10:40 | Construir | House |
| 10:43 | Construir | Palisade Wall |
| 10:51 | Encolar | Villager (Male) |
| 10:52 | Encolar | Villager (Male) |
| 10:52 | Encolar | Villager (Male) |
| 10:52 | Encolar | Villager (Male) |
| 11:19 | Encolar | Villager (Male) |
| 11:36 | Encolar | Unit 2550 |
| 11:36 | Encolar | Unit 2550 |
| 11:46 | Edad | Edad Feudal |
| 11:50 | Investigar | Tech 1402 |
| 11:57 | Investigar | Tech 1402 |
| 12:03 | Investigar | Double-Bit Axe |
| 12:07 | Investigar | Gold Mining |
| 12:09 | Encolar | Villager (Male) |
| 12:15 | Encolar | Villager (Male) |
| 12:30 | Encolar | Villager (Male) |
| 12:38 | Encolar | Unit 2550 |
| 12:39 | Encolar | Unit 2550 |
| 12:39 | Encolar | Unit 2550 |
| 12:58 | Encolar | Unit 2550 |
| 12:58 | Encolar | Unit 2550 |
| 12:59 | Encolar | Villager (Male) |
| 13:20 | Construir | Market |
| 13:26 | Encolar | Unit 2550 |
| 13:27 | Encolar | Unit 2550 |
| 13:38 | Construir | Farm |
| 13:38 | Construir | Farm |
| 13:38 | Construir | Farm |
| 13:39 | Construir | Farm |
| 13:39 | Construir | Farm |
| 13:39 | Construir | Farm |
| 13:39 | Construir | Farm |
| 14:00 | Investigar | Town Watch |
| 14:00 | Encolar | Villager (Male) |
| 14:01 | Encolar | Villager (Male) |
| 14:01 | Encolar | Villager (Male) |
| 14:15 | Encolar | Villager (Male) |
| 14:19 | Encolar | Villager (Male) |
| 14:20 | Encolar | Villager (Male) |
| 14:20 | Encolar | Villager (Male) |
| 14:20 | Encolar | Villager (Male) |
| 14:21 | Encolar | Villager (Male) |
| 14:23 | Construir | Farm |
| 14:23 | Construir | Farm |
| 14:24 | Construir | Farm |
| 14:25 | Construir | Farm |
| 14:26 | Construir | Farm |
| 14:28 | Construir | Farm |
| 14:31 | Encolar | Villager (Male) |
| 14:50 | Encolar | Unit 2550 |
| 14:50 | Encolar | Unit 2550 |
| 15:02 | Encolar | Villager (Male) |
| 15:03 | Encolar | Villager (Male) |
| 15:20 | Construir | Blacksmith |
| 15:29 | Encolar | Unit 2550 |
| 15:29 | Encolar | Unit 2550 |
| 15:29 | Encolar | Unit 2550 |
| 15:39 | Construir | Barracks |
| 15:52 | Encolar | Unit 2550 |
| 15:52 | Encolar | Unit 2550 |
| 15:52 | Encolar | Unit 2550 |
| 16:13 | Encolar | Villager (Male) |
| 16:13 | Encolar | Villager (Male) |
| 16:14 | Encolar | Villager (Male) |
| 16:14 | Encolar | Villager (Male) |
| 16:14 | Encolar | Unit 2550 |
| 16:15 | Encolar | Unit 2550 |
| 16:38 | Encolar | Villager (Male) |
| 16:38 | Encolar | Villager (Male) |
| 16:55 | Encolar | Villager (Male) |
| 16:56 | Encolar | Villager (Male) |
| 16:56 | Encolar | Villager (Male) |
| 17:14 | Encolar | Unit 2550 |
| 17:27 | Encolar | Villager (Male) |
| 17:27 | Encolar | Villager (Male) |
| 17:28 | Encolar | Unit 2550 |
| 17:28 | Encolar | Unit 2550 |
Cronología de la partida
| 4:58 | AirH1855 · first_building Barracks |
| 10:43 | AirH1855 · wall_segment Palisade Wall x1 |
| 11:46 | AirH1855 · age_up feudal |
| 11:48 | Papapishu8352 · wall_segment Palisade Wall x3 |
| 12:08 | Papapishu8352 · age_up feudal |
| 12:10 | Papapishu8352 · first_building Donjon |
| 13:02 | Papapishu8352 · wall_segment Stone Wall x2 |
| 13:04 | Papapishu8352 · wall_segment Stone Wall x3 |
| 14:17 | AirH1855 · first_market_buy 100 food |
| 17:41 | Papapishu8352 · resign |
[ ANÁLISIS IA · 1 CRÉDITO ]
¿Qué pasó realmente en esta partida?
Wolo.gg analiza cada decisión: build order, eco, micro, errores típicos por bracket. Análisis personalizado por WhatsApp o Discord en 30 segundos.
Guía civ
Sicilianos
Perfil
Jugador #19470619